 Dungeon Crawl Stone Soup version 0.30-a0-234-g97d66968fd (webtiles) character file.

Game seed: 5792118105413844780

9601 qw the Cleaver (level 11, -10/71 HPs)
             Began as a Gargoyle Fighter on Oct 9, 2022.
             Was an Elder of Okawaru.
             Mangled by Fannar
             ... wielding a +0 quarterstaff of freezing
              (13 damage)
             ... on level 10 of the Dungeon.
             The game lasted 00:03:44 (9020 turns).

qw the Cleaver (Gargoyle Fighter)                   Turns: 9020, Time: 00:03:45

Health: -10/71     AC: 26    Str: 22    XL:     11   Next: 49%
Magic:  17/17      EV:  8    Int:  9    God:    Okawaru [****..]
Gold:   1288       SH:  6    Dex:  9    Spells: 10/10 levels left

rFire   . . .      SeeInvis .    e - +1 broad axe
rCold   . . .      Faith    .    c - +0 buckler
rNeg    + . .      Spirit   .    o - +0 plate armour
rPois   inf        Reflect  .    (no helmet)
rElec   +          Harm     .    f - +0 cloak
rCorr   +          Rampage  .    (no gloves)
Will    .....                    p - +0 pair of boots
Stlth   ..........               (no amulet)
HPRegen 0.31/turn                l - ring of resist corrosion
MPRegen 0.15/turn                (no ring)

@: heroic
A: sickness immunity, AC +8, negative energy resistance 1, electricity
resistance, torment resistance 1, petrification resistance, weak 1, MP-powered
wands
a: Renounce Religion, Heroism, Finesse


You were on level 10 of the Dungeon.
You worshipped Okawaru.
Okawaru was greatly pleased with you.
You visited 2 branches of the dungeon, and saw 11 of its levels.

You collected 1422 gold pieces.
You spent 134 gold pieces at shops.


Innate Abilities, Weirdness & Mutations

You are immune to sickness and miasma.
Your stone body is resilient. (AC +8)
You are immune to poison.
You resist negative energy. (rN+)
You are resistant to electric shocks. (rElec)
You are resistant to unholy torment.
You are immune to petrification.
You are weak. (Str -2)
You expend magic power (3 MP) to strengthen your wands.


   Skills:
 - Level 9.0(14.0) Fighting
 - Level 11.0(16.0) Axes
 - Level 1.6(6.6) Throwing
 + Level 6.6(11.6) Armour
 - Level 1.8(6.8) Dodging
 - Level 5.2(10.2) Shields
 + Level 8.8 Invocations


You had 10 spell levels left.
You didn't know any spells.
Your spell library was empty.

Inventory:

Hand Weapons
 b - a +3 morningstar
 e - a +1 broad axe (weapon)
Missiles
 j - 6 boomerangs (quivered)
Armour
 c - a +0 buckler (worn)
 f - a +0 cloak (worn)
 o - a +0 plate armour (worn)
 p - a +0 pair of boots (worn)
Jewellery
 l - a ring of resist corrosion (left hand)
Scrolls
 a - a scroll of identify
Potions
 d - 3 potions of might
 g - a potion of curing
 h - 5 potions of mutation
 k - 3 potions of attraction
 m - 2 potions of resistance
 n - 2 potions of haste
 q - a potion of magic

Dungeon Overview and Level Annotations

Branches:
Dungeon (10/15)            Temple (1/1) D:4             Orc (0/2) D:9
   Lair: D:8-11

Altars:
Ashenzari
Cheibriados
Dithmenos
Elyvilon
Fedhas
Gozag
Hepliaklqana
Kikubaaqudgha
Makhleb
Nemelex Xobeh
Okawaru
Ru
Sif Muna
Trog
Uskayaw
Vehumet
Wu Jian
Xom
Zin
The Shining One

Shops:
D:2 ?   D:5 (   D:8 :

Annotations:
D:10 Fannar


Message History

You hit the ice beast but do no damage.
The ice beast is almost dead.
You slash Fannar!
Fannar says, "You will make a fine ice sculpture."
Fannar hits you but does no damage.
The ice beast hits you but does no damage.
You barely miss the ice beast.
The ice beast is almost dead.
You closely miss Fannar.
Fannar mumbles some strange words.
Fannar drains the heat from the surrounding environment!
The ice beast hits you but does no damage.
You slash the ice beast!
You kill the ice beast!
The ice beast disappears in a puff of smoke!
You miss Fannar. Fannar gestures at you while chanting.
The bolt of cold hits you!!
You closely miss Fannar.
Fannar is heavily wounded.
Fannar hits you with a +0 quarterstaff of freezing.
Fannar freezes you.
You barely miss Fannar.
Fannar is heavily wounded.
You barely miss Fannar.
Fannar is heavily wounded.
Fannar hits you but does no damage.
You closely miss Fannar.
Fannar is heavily wounded.
Fannar mumbles some strange words.
Fannar drains the heat from the surrounding environment!
You barely miss Fannar.
Fannar is heavily wounded.
Fannar hits you with a +0 quarterstaff of freezing.
Fannar freezes you.
You slash Fannar!
Fannar is severely wounded.
Fannar casts a spell.
Fannar drains the heat from the surrounding environment!
You die...

#..
###+########
#..
#...........
#..
#...........
##..
#........!..
#....
+........>..
..#..
#...........
..##..
#...e.......
## #..
#...@.......
#..
####'#######
#.. #.# #..
#.# ### ##.#
.... ._.
#..# ##.# +
...
##'########
# .. #.#
#(.....<...
### >.. #ยค#
#........}.
#.#


You could see Fannar.

Vanquished Creatures
  2 two-headed ogres (D:8)
  A necromancer (D:9)
  Maurice (D:10)
  A hornet (D:7)
  Grum (D:9)
  2 steam dragons
  22 yaks
  An acid dragon (D:8)
  9 orc warriors (D:9)
  A sky beast (D:6)
  5 black bears
  2 centaurs
  3 wolves (D:9)
  2 bullfrogs
  A kobold brigand (D:5)
  2 necrophages
  3 scorpions
  3 wights (D:9)
  4 killer bees (D:9)
  2 howler monkeys
  4 jellies
  2 hounds
  9 orc priests
  A gnoll bouda (D:5)
  3 iguanas
  Ijyb (D:5)
  5 orc wizards
  2 yak simulacra (D:9)
  2 polar bear simulacra (D:9)
  6 wolf simulacra (D:9)
  8 gnolls
  7 adders
  2 river rats (D:3)
  A shadow imp (D:6)
  A white imp (D:6)
  An ufetubus (D:6)
  A worm (D:3)
  A dart slug (D:3)
  33 orcs
  7 ball pythons
  5 bats
  2 bat zombies (D:7)
  4 endoplasms
  3 giant cockroaches (D:1)
  9 goblins
  9 hobgoblins
  2 jackals (D:2)
  3 quokkas
  2 frilled lizards (D:2)
  11 kobolds
  10 rats
  A rat zombie (D:7)
  A river rat simulacrum (D:9)
227 creatures vanquished.

Vanquished Creatures (others)
  2 plants (D:9)
2 creatures vanquished.

Grand Total: 229 creatures vanquished

Notes
Turn   | Place    | Note
-------+----------+-------------------------------------------
     0 | D:1      | qw the Gargoyle Fighter began the quest for the Orb.
     0 | D:1      | Reached XP level 1. HP: 14/14 MP: 1/1
     0 | D:1      | 0 ||| qw: Version: 0.2-a-17-g06abaee
     0 | D:1      | 0 ||| qw: Game counter: 2346
     0 | D:1      | 0 ||| qw: Always use a shield: true
     0 | D:1      | 0 ||| qw: God list: Okawaru
     0 | D:1      | 0 ||| qw: Allow faded altars: false
     0 | D:1      | 0 ||| qw: Do Orc after D:15 true
     0 | D:1      | 0 ||| qw: Do second Lair branch before Depths: true
     0 | D:1      | 0 ||| qw: Lair rune preference: random
     0 | D:1      | 0 ||| qw: Plans: Normal, Zot:1-4, God:TSO, Crypt, Tomb,
                  | Pan, Slime:5, Hells, Abyss, Orb
     0 | D:1      | 0 ||| PLANNING D:1-11
    91 | D:1      | Reached skill level 2 in Axes
   339 | D:1      | 339 ||| Stepping ~*~*~tactically~*~*~ (stealth).
   348 | D:1      | Reached XP level 2. HP: 18/19 MP: 2/2
   561 | D:1      | Reached skill level 3 in Axes
   678 | D:1      | Reached XP level 3. HP: 21/23 MP: 3/3
   800 | D:1      | 800 ||| UPGRADING to +0 chain mail.
   810 | D:1      | 810 ||| DROPPING +0 scale mail.
   811 | D:1      | 811 ||| READING 2 scrolls labelled VOAPNIER QOFINN.
   812 | D:1      | 812 ||| READING scroll labelled RYURIH CEUXTYK.
   813 | D:1      | 813 ||| READING scroll labelled NUGOSEHUEZ.
   814 | D:1      | 814 ||| DRINKING 3 dark potions.
   815 | D:1      | 815 ||| DRINKING 2 ruby potions.
   815 | D:1      | Gained mutation: You expend magic power (3 MP) to
                  | strengthen your wands. [potion of mutation]
   815 | D:1      | Gained mutation: You are weak. (Str -2) [potion of
                  | mutation]
   816 | D:1      | 816 ||| DRINKING 2 black potions.
   817 | D:1      | 817 ||| DROPPING potion of degeneration.
  1269 | D:2      | Found Ashiake's Magic Scroll Emporium.
  1275 | D:2      | 1275 ||| SHOPLISTING scroll of brand weapon (133 gold, have
                  | 96).
  1275 | D:2      | 1275 ||| BUYING scroll of identify (28 gold).
  1275 | D:2      | Bought a scroll of identify for 28 gold pieces
  1275 | D:2      | 1275 ||| BUYING scroll of identify (28 gold).
  1275 | D:2      | Bought a scroll of identify for 28 gold pieces
  1275 | D:2      | 1275 ||| SHOPLISTING scroll of teleportation (42 gold, have
                  | 40).
  1467 | D:2      | 1467 ||| READING scroll labelled GEATEJ ZOTOI.
  1468 | D:2      | 1468 ||| READING scroll labelled ISEINI UTIRGHI.
  1469 | D:2      | 1469 ||| READING scroll labelled SENAON TETE.
  1470 | D:2      | 1470 ||| READING 3 scrolls of identify.
  1470 | D:2      | 1470 ||| IDENTIFYING fizzy grey potion
  1501 | D:3      | 1501 ||| PLANNING SEWER
  1502 | D:3      | 1502 ||| STAIRDANCE
  1630 | D:3      | 1630 ||| Stepping ~*~*~tactically~*~*~ (hiding).
  1725 | D:3      | 1725 ||| Stepping ~*~*~tactically~*~*~ (stealth).
  1892 | D:3      | Reached XP level 4. HP: 28/28 MP: 4/4
  1989 | D:3      | Reached skill level 4 in Axes
  2090 | D:3      | Found a glowing drain.
  2091 | D:3      | 2091 ||| Stepping ~*~*~tactically~*~*~ (water).
  2134 | D:3      | 2134 ||| READING scroll labelled XOWI LIHEDUGA.
  2135 | D:3      | 2135 ||| READING scroll labelled NUIVUIGH SACRA.
  2136 | D:3      | 2136 ||| DRINKING 2 emerald potions.
  2331 | D:3      | 2331 ||| RIP SEWER
  2331 | D:3      | 2331 ||| PLANNING D:1-11
  2438 | D:3      | Found a shimmering altar of Xom.
  2514 | D:4      | Found a white marble altar of Elyvilon.
  2684 | D:4      | Noticed a black bear
  2695 | D:4      | Killed a black bear
  2696 | D:4      | Reached skill level 5 in Axes
  2696 | D:4      | Reached XP level 5. HP: 27/32 MP: 5/5
  2752 | D:4      | 2752 ||| Stepping ~*~*~tactically~*~*~ (stealth).
  2852 | D:4      | Reached XP level 6. HP: 33/38 MP: 6/6
  3296 | D:4      | Found a staircase to the Ecumenical Temple.
  3297 | D:4      | 3297 ||| PLANNING TEMPLE
  3297 | D:4      | 3297 ||| READING scroll labelled ESUVUK HEUMNI.
  3325 | D:4      | 3325 ||| READING scroll labelled GAIROXKEVOQ.
  3326 | D:4      | 3326 ||| READING scroll labelled RILOAMPANEG.
  3327 | D:4      | 3327 ||| DRINKING 2 yellow potions.
  3328 | D:4      | 3328 ||| READING 4 scrolls of identify.
  3328 | D:4      | 3328 ||| IDENTIFYING sedimented grey potion
  3329 | D:4      | 3329 ||| DROPPING potion of ambrosia.
  3338 | Temple   | Entered the Ecumenical Temple
  3348 | Temple   | 3348 ||| PLANNING OKAWARU WORSHIP
  3490 | Temple   | Became a worshipper of Warmaster Okawaru
  3491 | Temple   | 3491 ||| PLANNING D:1-11
  3607 | D:5      | Entered Level 5 of the Dungeon
  3722 | D:5      | Noticed Ijyb
  3724 | D:5      | 3724 ||| Stepping ~*~*~tactically~*~*~ (hiding).
  3725 | D:5      | 3725 ||| Stepping ~*~*~tactically~*~*~ (hiding).
  3734 | D:5      | HP: 6/38 [centaur/arrow (4)]
  3735 | D:5      | 3735 ||| DRINKING 3 potions of heal wounds.
  3738 | D:5      | 3738 ||| DRINKING 2 potions of heal wounds.
  3740 | D:5      | Killed Ijyb
  3743 | D:5      | Reached skill level 6 in Axes
  3830 | D:5      | 3830 ||| Stepping ~*~*~tactically~*~*~ (stealth).
  3835 | D:5      | 3835 ||| Stepping ~*~*~tactically~*~*~ (stealth).
  3840 | D:5      | 3840 ||| Stepping ~*~*~tactically~*~*~ (stealth).
  3853 | D:5      | Reached XP level 7. HP: 41/43 MP: 7/7
  3986 | D:5      | Reached * piety under Okawaru
  4095 | D:5      | Found Licw's Weapon Shoppe.
  4112 | D:5      | Found a sacrificial altar of Ru.
  4116 | D:5      | 4116 ||| BUYING +0 mace of protection (78 gold).
  4116 | D:5      | Bought a +0 mace of protection for 78 gold pieces
  4116 | D:5      | 4116 ||| SHOPLISTING +2 hand axe of flaming (243 gold, have
                  | 184).
  4116 | D:5      | 4116 ||| DROPPING +0 whip.
  4118 | D:5      | 4118 ||| Stepping ~*~*~tactically~*~*~ (hiding).
  4119 | D:5      | 4119 ||| Stepping ~*~*~tactically~*~*~ (hiding).
  4121 | D:5      | 4121 ||| Stepping ~*~*~tactically~*~*~ (hiding).
  4122 | D:5      | 4122 ||| Stepping ~*~*~tactically~*~*~ (hiding).
  4123 | D:5      | 4123 ||| Stepping ~*~*~tactically~*~*~ (hiding).
  4126 | D:5      | 4126 ||| INVOKING Heroism.
  4132 | D:5      | Reached skill level 1 in Invocations
  4146 | D:5      | Reached skill level 7 in Axes
  4199 | D:5      | 4199 ||| DROPPING +0 mace of protection.
  4268 | D:5      | 4268 ||| INVOKING Heroism.
  4518 | D:5      | 4518 ||| READING scroll labelled VEKKAEZOST.
  4518 | D:5      | Identified a scroll of acquirement
  4518 | D:5      | 4518 ||| ACQUIRING 859 gold pieces
  4518 | D:5      | Acquired 859 gold pieces
  4520 | D:5      | 4520 ||| READING scroll labelled MAPUUL NOKKA.
  4521 | D:5      | 4521 ||| READING 3 scrolls of identify.
  4521 | D:5      | 4521 ||| IDENTIFYING sedimented coppery potion
  4522 | D:5      | 4522 ||| READING 2 scrolls of identify.
  4522 | D:5      | 4522 ||| IDENTIFYING pink potion
  4523 | D:5      | 4523 ||| DROPPING potion of brilliance.
  4524 | D:5      | 4524 ||| DROPPING potion of flight.
  4544 | D:6      | 4544 ||| INVOKING Heroism.
  4562 | D:6      | 4562 ||| STAIRDANCE
  4639 | D:6      | Noticed a steam dragon
  4640 | D:6      | 4640 ||| Stepping ~*~*~tactically~*~*~ (hiding).
  4643 | D:6      | 4643 ||| Stepping ~*~*~tactically~*~*~ (hiding).
  4644 | D:6      | 4644 ||| Stepping ~*~*~tactically~*~*~ (hiding).
  4646 | D:6      | 4646 ||| Stepping ~*~*~tactically~*~*~ (hiding).
  4647 | D:6      | 4647 ||| Stepping ~*~*~tactically~*~*~ (hiding).
  4648 | D:6      | 4648 ||| Stepping ~*~*~tactically~*~*~ (hiding).
  4653 | D:6      | 4653 ||| INVOKING Heroism.
  4659 | D:6      | Killed a steam dragon
  4660 | D:6      | Reached skill level 3 in Invocations
  4660 | D:6      | Reached XP level 8. HP: 43/49 MP: 7/10
  4723 | D:6      | 4723 ||| DROPPING +2 mace of protection.
  4733 | D:6      | Reached skill level 1 in Dodging
  4758 | D:6      | 4758 ||| Stepping ~*~*~tactically~*~*~ (stealth).
  4764 | D:6      | 4764 ||| Stepping ~*~*~tactically~*~*~ (stealth).
  4765 | D:6      | 4765 ||| Stepping ~*~*~tactically~*~*~ (stealth).
  4788 | D:6      | 4788 ||| Stepping ~*~*~tactically~*~*~ (stealth).
  4790 | D:6      | 4790 ||| Stepping ~*~*~tactically~*~*~ (stealth).
  4791 | D:6      | 4791 ||| Stepping ~*~*~tactically~*~*~ (stealth).
  4792 | D:6      | 4792 ||| Stepping ~*~*~tactically~*~*~ (stealth).
  4806 | D:6      | 4806 ||| INVOKING Heroism.
  4809 | D:6      | 4809 ||| Stepping ~*~*~tactically~*~*~ (stealth).
  4810 | D:6      | 4810 ||| Stepping ~*~*~tactically~*~*~ (stealth).
  4811 | D:6      | 4811 ||| Stepping ~*~*~tactically~*~*~ (stealth).
  4812 | D:6      | 4812 ||| Stepping ~*~*~tactically~*~*~ (stealth).
  4819 | D:6      | Reached ** piety under Okawaru
  4832 | D:6      | 4832 ||| Stepping ~*~*~tactically~*~*~ (stealth).
  4840 | D:6      | 4840 ||| INVOKING Heroism.
  4863 | D:6      | 4863 ||| READING scroll of enchant weapon.
  4863 | D:6      | 4863 ||| ENCHANTING +1 war axe of venom.
  4922 | D:6      | Reached skill level 1 in Throwing
  4978 | D:6      | 4978 ||| Stepping ~*~*~tactically~*~*~ (stealth).
  5163 | D:6      | 5163 ||| INVOKING Heroism.
  5172 | D:6      | Reached skill level 8 in Axes
  5240 | D:6      | 5240 ||| UPGRADING to ring of resist corrosion.
  5241 | D:6      | 5241 ||| READING scroll labelled LUEDID DYZUBY.
  5242 | D:6      | 5242 ||| READING scroll labelled MUFRU CITUCLEW.
  5247 | D:6      | 5247 ||| DRINKING 2 red potions.
  5248 | D:6      | 5248 ||| DROPPING potion of invisibility.
  5423 | D:7      | Noticed a hornet
  5433 | D:7      | Killed a hornet
  5434 | D:7      | Reached skill level 6 in Fighting
  5434 | D:7      | Reached XP level 9. HP: 54/56 MP: 12/12
  5448 | D:7      | 5448 ||| Stepping ~*~*~tactically~*~*~ (stealth).
  5496 | D:7      | Found a flagged portal.
  5497 | D:7      | 5497 ||| Stepping ~*~*~tactically~*~*~ (hiding).
  5500 | D:7      | 5500 ||| INVOKING Heroism.
  5735 | D:7      | 5735 ||| INVOKING Heroism.
  5820 | D:7      | Found an ancient bone altar of Kikubaaqudgha.
  5875 | D:7      | 5875 ||| Stepping ~*~*~tactically~*~*~ (hiding).
  5878 | D:7      | 5878 ||| INVOKING Heroism.
  5961 | D:7      | 5961 ||| DROPPING +0 flail.
  6072 | D:7      | 6072 ||| INVOKING Heroism.
  6075 | D:7      | Reached skill level 9 in Axes
  6199 | D:7      | 6199 ||| UPGRADING to +0 pair of boots.
  6204 | D:7      | 6204 ||| DROPPING +6 ring of intelligence.
  6205 | D:7      | 6205 ||| READING scroll labelled ZUHI JASEAL.
  6206 | D:7      | 6206 ||| DRINKING 2 silvery potions.
  6244 | D:8      | 6244 ||| Stepping ~*~*~tactically~*~*~ (stealth).
  6253 | D:8      | 6253 ||| Stepping ~*~*~tactically~*~*~ (stealth).
  6264 | D:8      | 6264 ||| Stepping ~*~*~tactically~*~*~ (stealth).
  6267 | D:8      | 6267 ||| Stepping ~*~*~tactically~*~*~ (stealth).
  6268 | D:8      | 6268 ||| INVOKING Heroism.
  6274 | D:8      | Reached *** piety under Okawaru
  6369 | D:8      | 6369 ||| INVOKING Heroism.
  6382 | D:8      | Reached skill level 10 in Axes
  6382 | D:8      | Reached XP level 10. HP: 49/63 MP: 11/13
  6498 | D:8      | Identified the +3 whip of Past Mistakes {vorpal, rC+ Str+3}
  6645 | D:8      | Found an opulent altar of Gozag.
  6666 | D:8      | Noticed a two-headed ogre
  6667 | D:8      | 6667 ||| INVOKING Heroism.
  6667 | D:8      | Noticed a two-headed ogre
  6672 | D:8      | Killed a two-headed ogre
  6672 | D:8      | Reached **** piety under Okawaru
  6677 | D:8      | HP: 13/65 [two-headed ogre/+0 giant club (17)]
  6678 | D:8      | 6678 ||| DRINKING 2 potions of heal wounds.
  6680 | D:8      | Killed a two-headed ogre
  6793 | D:8      | 6793 ||| INVOKING Heroism.
  6989 | D:8      | 6989 ||| INVOKING Heroism.
  7094 | D:8      | 7094 ||| Stepping ~*~*~tactically~*~*~ (stealth).
  7210 | D:8      | 7210 ||| Stepping ~*~*~tactically~*~*~ (hiding).
  7268 | D:8      | Found Xoekk's Tremendous Tomes.
  7287 | D:8      | 7287 ||| UPGRADING to +0 cloak.
  7292 | D:8      | 7292 ||| READING scroll labelled UCIZXO FEOWNO.
  7463 | D:9      | Noticed Grum
  7465 | D:9      | 7465 ||| INVOKING Heroism.
  7483 | D:9      | Killed Grum
  7585 | D:9      | Reached skill level 6 in Invocations
  7588 | D:9      | Reached skill level 6 in Armour
  7591 | D:9      | 7591 ||| DROPPING +0 morningstar.
  7635 | D:9      | 7635 ||| INVOKING Heroism.
  7643 | D:9      | 7643 ||| Stepping ~*~*~tactically~*~*~ (stealth).
  7653 | D:9      | 7653 ||| INVOKING Heroism.
  7657 | D:9      | 7657 ||| Stepping ~*~*~tactically~*~*~ (stealth).
  7664 | D:9      | 7664 ||| Stepping ~*~*~tactically~*~*~ (hiding).
  7675 | D:9      | 7675 ||| Stepping ~*~*~tactically~*~*~ (stealth).
  7689 | D:9      | 7689 ||| FLEEEEING.
  7690 | D:9      | 7690 ||| FLEEEEING.
  7691 | D:9      | 7691 ||| FLEEEEING.
  7692 | D:9      | 7692 ||| FLEEEEING.
  7693 | D:9      | 7693 ||| FLEEEEING.
  7694 | D:9      | 7694 ||| FLEEEEING.
  7695 | D:9      | 7695 ||| FLEEEEING.
  7696 | D:9      | 7696 ||| FLEEEEING.
  7697 | D:9      | 7697 ||| FLEEEEING.
  7698 | D:9      | 7698 ||| FLEEEEING.
  7699 | D:9      | 7699 ||| FLEEEEING.
  7700 | D:9      | 7700 ||| FLEEEEING.
  7702 | D:9      | 7702 ||| FLEEEEING.
  7703 | D:9      | 7703 ||| FLEEEEING.
  7704 | D:9      | 7704 ||| FLEEEEING.
  7705 | D:9      | 7705 ||| FLEEEEING.
  7706 | D:9      | 7706 ||| FLEEEEING.
  7707 | D:9      | 7707 ||| FLEEEEING.
  7708 | D:9      | 7708 ||| FLEEEEING.
  7709 | D:9      | 7709 ||| FLEEEEING.
  7710 | D:9      | 7710 ||| FLEEEEING.
  7711 | D:9      | 7711 ||| FLEEEEING.
  7712 | D:9      | 7712 ||| FLEEEEING.
  7713 | D:9      | 7713 ||| FLEEEEING.
  7714 | D:9      | 7714 ||| FLEEEEING.
  7715 | D:9      | 7715 ||| FLEEEEING.
  7813 | D:9      | 7813 ||| INVOKING Heroism.
  7819 | D:9      | Reached ***** piety under Okawaru
  7895 | D:9      | 7895 ||| INVOKING Heroism.
  7905 | D:9      | Reached XP level 11. HP: 60/69 MP: 13/16
  8087 | D:9      | 8087 ||| Stepping ~*~*~tactically~*~*~ (stealth).
  8089 | D:9      | 8089 ||| INVOKING Heroism.
  8096 | D:9      | Identified the +0 robe of the Ant {rF+ Will+ SInv} (Okawaru
                  | gifted it to you on level 9 of the Dungeon)
  8096 | D:9      | Received a gift from Okawaru
  8135 | D:9      | 8135 ||| Stepping ~*~*~tactically~*~*~ (stealth).
  8136 | D:9      | 8136 ||| Stepping ~*~*~tactically~*~*~ (stealth).
  8139 | D:9      | 8139 ||| Stepping ~*~*~tactically~*~*~ (stealth).
  8146 | D:9      | 8146 ||| Stepping ~*~*~tactically~*~*~ (stealth).
  8153 | D:9      | Noticed a necromancer
  8155 | D:9      | 8155 ||| INVOKING Heroism.
  8160 | D:9      | Killed a necromancer
  8161 | D:9      | Reached skill level 11 in Axes
  8187 | D:9      | 8187 ||| Stepping ~*~*~tactically~*~*~ (hiding).
  8193 | D:9      | 8193 ||| INVOKING Heroism.
  8209 | D:9      | 8209 ||| Stepping ~*~*~tactically~*~*~ (stealth).
  8214 | D:9      | 8214 ||| Stepping ~*~*~tactically~*~*~ (stealth).
  8254 | D:9      | 8254 ||| Stepping ~*~*~tactically~*~*~ (stealth).
  8256 | D:9      | 8256 ||| INVOKING Heroism.
  8268 | D:9      | 8268 ||| Stepping ~*~*~tactically~*~*~ (stealth).
  8273 | D:9      | 8273 ||| Stepping ~*~*~tactically~*~*~ (hiding).
  8278 | D:9      | Found a staircase to the Orcish Mines.
  8293 | D:9      | 8293 ||| INVOKING Heroism.
  8294 | D:9      | HP: 7/69 [orc warrior/+0 battleaxe (11)]
  8295 | D:9      | 8295 ||| DRINKING potion of heal wounds.
  8302 | D:9      | Reached skill level 9 in Fighting
  8494 | D:9      | 8494 ||| INVOKING Heroism.
  8598 | D:9      | 8598 ||| INVOKING Heroism.
  8628 | D:9      | Found an ornate altar of the Wu Jian Council.
  8629 | D:9      | 8629 ||| SWAPPING to +0 broad axe.
  8630 | D:9      | 8630 ||| DROPPING +2 war axe of venom.
  8688 | D:9      | 8688 ||| INVOKING Heroism.
  8692 | D:9      | 8692 ||| DRINKING 2 potions of curing.
  8692 | D:9      | 8692 ||| (to cure confusion)
  8741 | D:9      | Found a hide-covered altar of Uskayaw.
  8793 | D:9      | 8793 ||| UPGRADING to +0 plate armour.
  8803 | D:9      | 8803 ||| DROPPING +0 chain mail.
  8804 | D:9      | 8804 ||| READING 2 scrolls of identify.
  8804 | D:9      | 8804 ||| IDENTIFYING inky potion
  8809 | D:10     | Entered Level 10 of the Dungeon
  8920 | D:10     | 8920 ||| READING scroll of enchant weapon.
  8920 | D:10     | 8920 ||| ENCHANTING +0 broad axe.
  8950 | D:10     | Found a hazy altar of Hepliaklqana.
  8951 | D:10     | Noticed Maurice
  8953 | D:10     | 8953 ||| INVOKING Heroism.
  8975 | D:10     | Killed Maurice
  8999 | D:10     | Noticed Fannar
  9002 | D:10     | 9002 ||| INVOKING Heroism.
  9014 | D:10     | HP: 17/71 [Fannar/bolt of cold (21)]
  9018 | D:10     | HP: 5/71 [Fannar/+0 quarterstaff of freezing (7)]
  9020 | D:10     | Mangled by Fannar

Levels and vault maps discovered:
D:1:      matt_arrival_spirals, layout_loops_ring, minmay_tree_intersection,
          nrook_mini_backslash
D:2:      layout_basic, serial_shops, nicolae_square_shop
D:3:      layout_basic, lemuel_coloured_pillars_altar, portal_sewer_entry_e
D:4:      layout_gridville, overflow_temple_1_default, temple_hall,
          chequers_serial_rivers_large_a
D:5:      layout_basic, lemuel_tele_altar, serial_shops, shop, uniq_ijyb
D:6:      layout_cave_pools
D:7:      layout_basic, lemuel_zombie_altar_kikubaaqudgha, enter_bailey_3
D:8:      layout_loops_cross, kennysheep_mini, nicolae_shop_i_like_big_books,
          kennysheep_generic_room_6
D:9:      layout_roguey, nicolae_uskayaw_suspiria, lemuel_crystal_altar,
          david_orc_5, eino_house_with_fridge, uniq_grum
D:10:     layout_roguey, nicolae_yredelemnul_corpse_copse,
          nzn_hepliaklqana_mist_gate, grunt_qazlal_sundering, lair_entry_dummy,
          uniq_maurice, uniq_fannar
Temple:   nicolae_temple_bog_church

Skill      XL: |  1  2  3  4  5  6  7  8  9 10 11 |
---------------+----------------------------------+-----
Axes           | 2 3 5 6 7 8 10 11 | 11.0
Fighting       | 4 5 6 7 8 9 |  9.0
Invocations    | 3 4 6 8 |  8.8
Dodging        | 1 |  1.8
Throwing       | 1 |  1.6
Armour         | 4 6 |  6.6
Shields        | 4 5 |  5.2

Action                   |  1- 3 |  4- 6 |  7- 9 | 10-12 || total
-------------------------+-------+-------+-------+-------++-------
Melee: War axe           |   141 |   106 |   165 |   223 ||   635
       Broad axe         |       |       |       |    53 ||    53
Throw: Boomerang         |       |       |    38 |    22 ||    60
Invok: Heroism           |       |       |    13 |    18 ||    31
  Use: Scroll            |     7 |     6 |     8 |     3 ||    24
       Potion            |     3 |     4 |     2 |     3 ||    12
Armor: Scale mail        |    28 |       |       |       ||    28
       Chain mail        |    52 |    62 |    94 |    98 ||   306
       Plate armour      |       |       |       |    18 ||    18
Dodge: Dodged            |    67 |    48 |    61 |    84 ||   260
Block: Buckler           |    34 |    29 |    35 |    47 ||   145

Table legend:
 A = Non-vault XP
 B = Vault XP
 C = Vault XP percentage of total XP
 D = Non-vault monster count
 E = Vault monster count
 F = Vault count percentage of total count
                 A         B        C        D         E       F
            +---------+---------+-------+---------+---------+-------
      Total |    8710 |    5007 |  36.5 |     167 |      60 |  26.4
            +---------+---------+-------+---------+---------+-------
        D:1 |      34 |       0 |   0.0 |      20 |       0 |   0.0
        D:2 |      20 |       0 |   0.0 |      13 |       0 |   0.0
        D:3 |      40 |      38 |  48.7 |      16 |       8 |  33.3
        D:4 |     279 |       0 |   0.0 |      10 |       0 |   0.0
        D:5 |     632 |      36 |   5.4 |      18 |       1 |   5.3
        D:6 |    1051 |       0 |   0.0 |      20 |       0 |   0.0
        D:7 |     734 |      12 |   1.6 |      15 |       7 |  31.8
        D:8 |    2883 |    1750 |  37.8 |      26 |       4 |  13.3
        D:9 |    2231 |    2686 |  54.6 |      25 |      39 |  60.9
       D:10 |     806 |     485 |  37.6 |       4 |       1 |  20.0
            +---------+---------+-------+---------+---------+-------
